Map: Para Site LE

Players

Lambo - Winner!

  • Race: Zerg Zerg
  • League: Grandmaster
  • Spawn Location: 11:00

Geralt (Gerald)

  • Race: Protoss Protoss
  • League: Grandmaster
  • Spawn Location: 5:00

VOD

Have the link to the VOD?

Description

Time

  • Played on: Dec. 20, 2018, 1:32 p.m.
  • Length: 9:55
Show
View Real Time Build Order
Export as new Build Order

Lambo Zerg - Winner!

Build Orders: Hatch First 

Get SALT Encoding   

  12  0:00  Drone  
  13  0:14  Overlord  
  13  0:17  Drone  
  14  0:32  Drone x2  
  16  0:47  Hatchery  
  15  0:52  Drone  
  15  0:55  Drone  
  17  0:59  Drone  
  18  1:09  Extractor  
  17  1:16  Spawning Pool  
  17  1:17  Drone  
  17  1:20  Drone  
  18  1:29  Drone  
  19  1:41  Drone  
  20  1:52  Overlord  
  20  2:02  Queen x2  
  20  2:03  Zergling x4  
  26  2:09  Metabolic Boost  
  26  2:12  Drone  
  26  2:13  Drone  
  28  2:27  Drone  
  29  2:32  Drone x2  
  31  2:38  Hatchery  
  31  2:41  Drone  
  31  2:43  Drone  
  32  2:47  Overlord  
  32  2:55  Queen  
  35  2:58  Zergling x2  
  35  2:59  Drone  
  36  3:09  Drone x2  
  40  3:14  Drone x2  
  40  3:15  Overlord  
  40  3:17  Drone x2  
  42  3:21  Zergling x2, Drone  
  44  3:30  Spore Crawler  
  44  3:32  Queen  
  45  3:38  Spore Crawler, Drone  
  45  3:40  Drone  
  45  3:43  Drone x2  
  45  3:45  Drone  
  48  3:48  Overlord  
  48  3:49  Drone x2  
  48  3:51  Drone  
  51  3:57  Roach Warren  
  51  4:00  Lair  
  50  4:04  Extractor x2  
  50  4:06  Drone  
  50  4:07  Drone x2  
  51  4:11  Drone x2  
  51  4:12  Drone  
  51  4:16  Overlord  
  54  4:19  Drone x2  
  56  4:28  Overlord  
  65  4:38  Roach x6  
  65  4:41  Roach  
  65  4:44  Drone  
  65  4:46  Overlord  
  65  4:48  Drone  
  65  4:49  Drone x2  
  68  4:57  Drone x2  
  68  4:58  Overseer  
  70  5:05  Glial Reconstitution, Drone x2  
  72  5:07  Drone  
  72  5:08  Drone  
  72  5:10  Drone x2  
  76  5:15  Evolution Chamber  
  76  5:16  Extractor  
  73  5:30  Roach x4  
  73  5:31  Overseer  
  73  5:33  Overlord x2  
  81  5:38  Overlord  
  81  5:41  Overlord  
  81  5:42  Zerg Missile Weapons Level 1  
  81  5:49  Overlord  
  81  5:52  Drone x2  
  81  5:53  Drone  
  81  5:54  Drone x4  
  88  5:59  Drone  
  88  6:00  Spire  
  88  6:01  Roach  
  88  6:02  Roach  
  88  6:03  Drone  
  93  6:13  Roach x2  
  93  6:14  Roach x2, Extractor x2  
  99  6:18  Overlord  
  99  6:20  Roach x2  
  103  6:32  Overlord  
  103  6:43  Overlord  
  102  6:50  Drone  
  102  6:51  Drone x7  
  110  6:54  Drone  
  110  6:55  Baneling Nest, Drone  
  111  7:02  Hatchery  
  110  7:08  Drone x3  
  110  7:09  Drone  
  110  7:10  Overlord  
  110  7:15  Mutalisk x5  
  114  7:17  Ravager  
  114  7:18  Mutalisk  
  114  7:21  Mutalisk  
  129  7:33  Mutalisk x3  
  129  7:36  Zergling x4  
  129  7:37  Roach x2, Zergling x4  
  145  7:44  Drone x2  
  147  7:55  Roach x3  
  153  7:58  Zergling x2  
  153  8:00  Overlord  
  153  8:01  Overlord  
  153  8:03  Overlord  
  153  8:05  Overlord  
  152  8:08  Overlord  
  152  8:09  Ravager  
  152  8:10  Baneling x8  
  152  8:12  Ravager  
  154  8:13  Overlord  
  154  8:14  Roach x2, Zergling x4  
  154  8:18  Zergling x8  
  164  8:20  Roach  
  164  8:24  Roach x2  
  169  8:29  Roach x2  
  166  8:35  Roach x5  
  166  8:40  Roach  
  162  8:45  Roach x3  
  162  8:47  Roach  
  151  8:50  Roach x2  
  151  8:53  Roach x2  
  151  8:55  Roach  
  145  8:56  Queen  
  145  8:58  Roach x2  
  143  9:05  Roach  
  143  9:07  Roach  
  143  9:09  Roach x2  
  125  9:20  Roach x3  
  124  9:24  Ravager  
  124  9:29  Roach  
  124  9:30  Roach x4  
Show
View Real Time Build Order
Export as new Build Order

Geralt Protoss 

Build Orders: 1 Gate Expand, Zealot Archon, Dark Templar Rush 

Get SALT Encoding   

  12  0:00  Probe  
  13  0:13  Probe  
  14  0:22  Pylon  
  14  0:25  Probe  
  15  0:29  Assimilator  
  15  0:36  Probe  
  16  0:44  Probe  
  16  0:47  Gateway  
  17  0:55  Probe  
  18  1:07  Probe  
  19  1:19  Probe  
  20  1:27  Nexus  
  20  1:31  Probe  
  21  1:41  Cybernetics Core  
  21  1:44  Probe  
  22  1:52  Assimilator  
  22  1:57  Pylon  
  22  1:58  Probe  
  23  2:08  Adept  
  23  2:09  Pylon  
  24  2:15  Probe  
  26  2:26  Adept  
  26  2:27  Probe, Twilight Council  
  29  2:38  Warp Gate  
  29  2:40  Probe  
  29  2:42  Probe  
  31  2:45  Adept  
  31  2:52  Probe  
  34  3:01  Probe  
  34  3:04  Probe  
  36  3:09  Stalker  
  36  3:13  Probe  
  36  3:18  Robotics Facility  
  39  3:20  Probe  
  39  3:26  Pylon  
  40  3:28  Probe  
  41  3:35  Dark Shrine, Probe  
  41  3:40  Probe  
  43  3:47  Probe  
  44  3:52  Probe  
  44  3:55  Assimilator  
  45  3:58  Assimilator  
  45  3:59  Probe  
  45  4:02  Warp Prism  
  46  4:04  Probe  
  46  4:05  Gateway  
  46  4:06  Gateway  
  47  4:13  Probe  
  50  4:17  Probe, Pylon  
  51  4:25  Probe  
  51  4:29  Probe  
  53  4:32  Warp Prism  
  53  4:37  Probe  
  54  4:41  Probe  
  53  4:49  Probe  
  53  4:51  Gateway  
  54  4:55  Charge, Gateway  
  54  5:00  Gateway  
  54  5:01  Dark Templar x3  
  60  5:08  Probe  
  60  5:09  Probe  
  62  5:20  Probe  
  63  5:29  Probe  
  63  5:33  Immortal  
  66  5:40  Dark Templar  
  66  5:41  Dark Templar  
  70  5:44  Pylon  
  70  5:45  Pylon  
  69  5:58  Probe  
  69  6:00  Gateway  
  69  6:02  Gateway  
  70  6:04  Dark Templar  
  70  6:05  Dark Templar  
  70  6:06  Dark Templar x2  
  78  6:14  Nexus, Immortal  
  78  6:15  Pylon  
  78  6:16  Probe  
  83  6:31  Probe  
  84  6:33  Pylon  
  84  6:41  Zealot x4  
  92  6:51  Archon x2  
  92  6:53  Probe  
  93  6:59  Probe  
  94  7:02  Immortal  
  94  7:06  Probe  
  99  7:10  Archon, Pylon  
  99  7:11  Probe, Archon  
  100  7:17  Pylon  
  100  7:32  Dark Templar x3  
  100  7:33  Dark Templar x3  
  100  7:34  Zealot x2  
  100  7:35  Probe  
  117  7:40  Archon x3  
  117  7:43  Probe  
  118  7:54  Pylon  
  118  7:58  Dark Templar x2  
  118  7:59  Zealot x4  
  118  8:03  Pylon  
  118  8:04  Archon  
  130  8:11  Forge  
  130  8:16  Stargate  
  130  8:21  Stalker x3  
  96  8:47  Stalker x5  
  85  9:00  Stalker x2  
  55  9:10  Zealot x4  
  62  9:18  Zealot, Stalker  
  44  9:43  Zealot x6  
Tags
 
Add a new tag
Caveats
  • Supply blocks, unpowered buildings, or Contaminate may cause inaccurate times.
  • Supply counts are checked every 10 seconds.